[Event "Titled Tuesday Blitz July 4 Early 2023"]
[White "Cruz, William Ferreira Da"]
[Black "campochess"]
[WhiteFideId "2118050"]
[WhiteElo "2389"]
[BlackElo "2133"]
[Result "0-1"]
[Round "4"]
[TimeControl "180+2"]
[Date "2023.07.04"]
[WhiteClock "0:00:49"]
[BlackClock "0:00:42"]
[Board "205"]

1. d4 Nf6 2. c4 c5 3. d5 b5 4. cxb5 a6 5. bxa6 g6 6. Nc3 Bxa6 7. e4 Bxf1 8. Kxf1 d6 9. Nf3 Bg7 10. g3 O-O 11. Kg2 Nbd7 12. a4 Ng4 13. Nd2 Nge5 14. Qe2 Nb6 15. f4 Ned7 16. Nc4 Nxc4 17. Qxc4 Qb6 18. Nb5 Qb7 19. Bd2 Nb6 20. Qc2 Nxa4 21. Rxa4 Qxb5 22. Rxa8 Rxa8 23. Bc3 Bxc3 24. bxc3 Qc4 25. Rb1 Ra2 26. Rb8+ Kg7 27. Rb2 Rxb2 28. Qxb2 Qxe4+ 29. Kg1 Qxd5 30. Qe2 e5 31. fxe5 Qxe5 32. Qd3 d5 33. Qd2 Qe4 34. Qb2 d4 35. c4 Qe3+ 36. Kg2 Qc3 37. Qb5 d3 38. Qxc5 d2 39. Qd5 Qe3 40. Kh3 h5 41. c5 Qe6+ 0-1


[Site "https://www.chess.com"]

[Event "Titled Tuesday Blitz July 4 Early 2023"]
[White "Makhmudov, Shukhrat"]
[Black "Torres Dominguez, David"]
[WhiteFideId "14200775"]
[BlackFideId "2220857"]
[WhiteElo "2387"]
[BlackElo "2156"]
[Result "1-0"]
[Round "4"]
[TimeControl "180+2"]
[Date "2023.07.04"]
[WhiteClock "0:00:11"]
[BlackClock "0:00:00"]
[Board "206"]

1. e4 Nc6 2. d4 e5 3. d5 Nce7 4. d6 cxd6 5. Bc4 d5 6. exd5 d6 7. Nf3 Ng6 8. h4 Nf6 9. g3 h5 10. Ng5 Be7 11. Bd3 Nf8 12. c4 N8d7 13. Nc3 Nc5 14. Be2 Bf5 15. b4 Nce4 16. Qa4+ Kf8 17. Ncxe4 Nxe4 18. Nxe4 Bxe4 19. f3 Bf5 20. Be3 e4 21. Qc2 Bf6 22. Rd1 exf3 23. Qxf5 fxe2 24. Kxe2 Qc7 25. c5 Re8 26. Kf2 Qe7 27. Rhe1 g6 28. Qf3 Kg7 29. Kg2 Be5 30. Bd4 f6 31. Bxe5 fxe5 32. Qe3 Rhf8 33. a4 Rf5 34. b5 dxc5 35. d6 Qd7 36. Qxc5 Ref8 37. Rxe5 Rf2+ 38. Qxf2 Rxf2+ 39. Kxf2 Qf7+ 40. Kg1 Qf6 41. Re3 1-0


[Site "https://www.chess.com"]

[Event "Titled Tuesday Blitz July 4 Early 2023"]
[White "Ho, In Hei Henry"]
[Black "Petrova, Irina"]
[WhiteFideId "6002552"]
[BlackFideId "14124122"]
[WhiteElo "2073"]
[BlackElo "2360"]
[Result "0-1"]
[Round "4"]
[TimeControl "180+2"]
[Date "2023.07.04"]
[WhiteClock "0:00:51"]
[BlackClock "0:02:02"]
[Board "207"]

1. d4 d6 2. g3 g6 3. Bg2 Bg7 4. Nf3 Nf6 5. O-O O-O 6. c3 Nc6 7. Re1 Bf5 8. Nbd2 Ne4 9. Nh4 Nxd2 10. Bxd2 Bd7 11. Nf3 e5 12. d5 Ne7 13. e4 f5 14. Bg5 Qe8 15. Nd2 h6 16. Bxe7 Qxe7 17. exf5 gxf5 18. c4 f4 19. Be4 fxg3 20. fxg3 Qf6 21. Rf1 Qg5 22. Nf3 Qe3+ 23. Rf2 Qxe4 24. Qf1 Bg4 25. Nd2 Qd4 26. Nb3 Qxf2+ 27. Qxf2 Rxf2 28. Kxf2 Rf8+ 29. Ke3 e4 30. Na5 b6 31. Nc6 Bxb2 32. Rg1 Bf3 33. Nxa7 Ba3 34. Rf1 Bc5+ 35. Kd2 e3+ 0-1


[Site "https://www.chess.com"]

[Event "Titled Tuesday Blitz July 4 Early 2023"]
[White "Martins, Bruno Andre Leite"]
[Black "Marin Masis, Jose Esteban"]
[WhiteFideId "1942255"]
[BlackFideId "6508146"]
[WhiteElo "2604"]
[BlackElo "2109"]
[Result "1-0"]
[Round "4"]
[TimeControl "180+2"]
[Date "2023.07.04"]
[WhiteClock "0:00:29"]
[BlackClock "0:00:00"]
[Board "208"]

1. e4 c5 2. Nf3 Nc6 3. d4 cxd4 4. Nxd4 Nf6 5. Nc3 e5 6. Ndb5 d6 7. Bg5 a6 8. Na3 b5 9. Nd5 Be7 10. Bxf6 Bxf6 11. c4 b4 12. Nc2 a5 13. Be2 O-O 14. O-O Bg5 15. Qd3 f5 16. Bf3 Be6 17. Rad1 Ra7 18. exf5 Bxf5 19. Be4 Bxe4 20. Qxe4 Ne7 21. Nce3 Rd7 22. Nxe7+ Qxe7 23. Nd5 Qe6 24. Rd3 Qf5 25. Qxf5 Rxf5 26. Rfd1 e4 27. Rd4 Rdf7 28. Rf1 e3 29. f3 e2 30. Re1 Rxd5 31. Rxd5 Be3+ 32. Kh1 1-0


[Site "https://www.chess.com"]

[Event "Titled Tuesday Blitz July 4 Early 2023"]
[White "Tuleyeva-Aketayeva, Dana"]
[Black "only_strong_moves"]
[WhiteFideId "13701932"]
[WhiteElo "2245"]
[BlackElo "2519"]
[Result "0-1"]
[Round "4"]
[TimeControl "180+2"]
[Date "2023.07.04"]
[WhiteClock "0:00:06"]
[BlackClock "0:00:43"]
[Board "209"]

1. d4 d5 2. Nf3 Nf6 3. g3 e6 4. Bg2 Be7 5. O-O O-O 6. c4 c6 7. Nc3 b6 8. Nd2 Bb7 9. e4 Na6 10. e5 Nd7 11. cxd5 cxd5 12. f4 f5 13. Nf3 Rc8 14. Bd2 Nb4 15. a3 Nc6 16. b4 Ncb8 17. b5 g6 18. a4 Qe8 19. Qb3 Qf7 20. h4 Rc4 21. Rfc1 Rfc8 22. Bf1 R4c7 23. Na2 h6 24. Rxc7 Rxc7 25. Rc1 Rxc1 26. Bxc1 Qe8 27. Qc2 Kf7 28. Bd2 a5 29. Nc1 Bd8 30. Nb3 Qe7 31. Qc1 Nf8 32. Bd3 Nh7 33. Kf2 Qf8 34. Be3 Qg8 35. Qg1 g5 36. hxg5 hxg5 37. Qh1 g4 38. Nfd2 Nd7 39. Qh5+ Kg7 40. Qh1 Nhf8 41. Ke2 Ng6 42. Kd1 Qf8 43. Ke2 Qa3 44. Qa1 Qb4 45. Qa2 Qf8 46. Qc2 Qh8 47. Qd1 Qh2+ 48. Bf2 Bh4 49. Qg1 Qxg1 50. Bxg1 Bxg3 51. Bf2 Nxf4+ 52. Ke3 Nxd3 53. Bxg3 Nb2 54. Kf4 Kg6 55. Be1 Nxa4 56. Nb1 Nb2 57. Nxa5 bxa5 58. Bxa5 Nc4 59. Nc3 Nxa5 0-1


[Site "https://www.chess.com"]

[Event "Titled Tuesday Blitz July 4 Early 2023"]
[White "Womacka, Mathias"]
[Black "Peiris, T G M"]
[WhiteFideId "4611390"]
[BlackFideId "9901310"]
[WhiteElo "2509"]
[BlackElo "2235"]
[Result "1-0"]
[Round "4"]
[TimeControl "180+2"]
[Date "2023.07.04"]
[WhiteClock "0:00:47"]
[BlackClock "0:00:31"]
[Board "210"]

1. e4 c5 2. Nf3 Nc6 3. d4 cxd4 4. Nxd4 Nf6 5. Nc3 g6 6. Nxc6 dxc6 7. Qxd8+ Kxd8 8. Bc4 Ke8 9. Bf4 Bg7 10. O-O-O Nh5 11. Be3 e5 12. a4 Nf4 13. g3 Ne6 14. a5 Nc7 15. Na4 Ne6 16. Nc5 Nxc5 17. Bxc5 Bg4 18. Rd3 Be2 19. Rc3 Bxc4 20. Rxc4 Bf8 21. Bxf8 Rxf8 22. a6 bxa6 23. Rxc6 Kd7 24. Rxa6 Rfc8 25. Rd1+ Ke7 26. Rd5 f6 27. Rdd6 Rc4 28. f3 Rac8 29. c3 R4c7 30. Rxf6 Rd8 31. Rae6+ Kd7 32. Rxe5 Kc8 33. Rfe6 Rd3 34. f4 Rf3 35. Re7 h5 36. Rxc7+ Kxc7 37. Re7+ Kb6 38. Re6+ 1-0


[Site "https://www.chess.com"]

[Event "Titled Tuesday Blitz July 4 Early 2023"]
[White "Warchol, Kamil"]
[Black "Sai Han Thiha"]
[WhiteFideId "21858241"]
[BlackFideId "13012290"]
[WhiteElo "2226"]
[BlackElo "2507"]
[Result "1/2-1/2"]
[Round "4"]
[TimeControl "180+2"]
[Date "2023.07.04"]
[WhiteClock "0:00:31"]
[BlackClock "0:02:09"]
[Board "211"]

1. e4 c6 2. c4 d5 3. cxd5 cxd5 4. exd5 Nf6 5. Nc3 Nxd5 6. Nf3 Nc6 7. d4 e6 8. Bb5 Be7 9. O-O O-O 10. Re1 Bf6 11. Bxc6 bxc6 12. Ne4 h6 13. Qc2 Rb8 14. Qxc6 Bb7 15. Qc2 a5 16. Qe2 Qb6 17. b3 Rfc8 18. Bb2 a4 1/2-1/2


[Site "https://www.chess.com"]

[Event "Titled Tuesday Blitz July 4 Early 2023"]
[White "Vidruska, Renate"]
[Black "Barria Santos, Jose Guilherme"]
[WhiteFideId "11601841"]
[BlackFideId "1939300"]
[WhiteElo "2225"]
[BlackElo "2504"]
[Result "0-1"]
[Round "4"]
[TimeControl "180+2"]
[Date "2023.07.04"]
[WhiteClock "0:00:05"]
[BlackClock "0:00:41"]
[Board "212"]

1. e4 c5 2. Nf3 d6 3. d4 cxd4 4. Nxd4 Nf6 5. Nc3 a6 6. g3 e5 7. Nde2 Be7 8. Bg2 Be6 9. O-O O-O 10. h3 Nbd7 11. g4 b5 12. Ng3 g6 13. f4 exf4 14. Bxf4 Ne5 15. Nd5 Bxd5 16. exd5 Rc8 17. Kh2 Rc4 18. b3 Rxf4 19. Rxf4 Qc7 20. Ne2 Rc8 21. Nd4 Qc3 22. Nc6 Nxc6 23. dxc6 Qe5 24. Qd4 Nxg4+ 25. hxg4 Bf6 26. Qxe5 Bxe5 27. Kh3 Bxf4 28. a4 Be5 29. Ra2 b4 30. c4 bxc3 31. b4 Kf8 32. b5 axb5 33. axb5 Bd4 34. Bd5 Rb8 35. Bc4 d5 36. Bxd5 Be5 37. Bc4 Ke7 38. Rf2 f6 39. Kg2 Kd6 40. Kf3 Kc5 41. Bd3 h5 42. gxh5 gxh5 43. Ke4 h4 44. Kf3 h3 45. Rf1 h2 46. Rh1 Kd4 47. Bc2 Rxb5 48. Rd1+ Kc5 49. Kg2 Rb2 0-1


[Site "https://www.chess.com"]

[Event "Titled Tuesday Blitz July 4 Early 2023"]
[White "Sariego Figueredo, Wilfredo"]
[Black "Yedidia, Daniel"]
[WhiteFideId "3500080"]
[BlackFideId "30905907"]
[WhiteElo "2208"]
[BlackElo "2487"]
[Result "0-1"]
[Round "4"]
[TimeControl "180+2"]
[Date "2023.07.04"]
[WhiteClock "0:00:00"]
[BlackClock "0:00:29"]
[Board "213"]

1. d4 Nf6 2. Bf4 c5 3. e3 Qb6 4. Nc3 d6 5. Rb1 cxd4 6. exd4 Nc6 7. Nf3 g6 8. Bc4 Bg7 9. O-O O-O 10. Re1 Bg4 11. Be2 Rac8 12. h3 Bd7 13. d5 Nb4 14. a3 Na6 15. Bxa6 Qxa6 16. Rxe7 Bf5 17. Nd4 Bd7 18. Nf3 Rfe8 19. Rxe8+ Nxe8 20. Qd2 Qc4 21. Bh6 Bh8 22. Be3 b6 23. Bd4 Nf6 24. Re1 Bg7 25. Re7 Qc7 26. Ng5 h6 27. Nxf7 Kf8 28. Qe3 Re8 29. Rxe8+ Bxe8 30. Nxh6 Qb7 31. Ng4 Qf7 32. Nxf6 Bxf6 33. Bxf6 Qxf6 34. Qg3 Bf7 35. Qd3 Kg8 0-1


[Site "https://www.chess.com"]

[Event "Titled Tuesday Blitz July 4 Early 2023"]
[White "Cueto, Jonny"]
[Black "Mica, Marek"]
[WhiteFideId "3300145"]
[BlackFideId "382884"]
[WhiteElo "2199"]
[BlackElo "2480"]
[Result "0-1"]
[Round "4"]
[TimeControl "180+2"]
[Date "2023.07.04"]
[WhiteClock "0:00:00"]
[BlackClock "0:02:13"]
[Board "214"]

1. d4 Nf6 2. Bf4 d5 3. e3 c5 4. Nf3 Nc6 5. Nbd2 e6 6. c3 cxd4 7. exd4 Nh5 8. Bg5 f6 9. Bh4 Bd6 10. Bd3 Nf4 11. Bf1 O-O 12. Nb3 Qc7 13. Bg3 Bd7 14. Bxf4 Bxf4 15. Bd3 Rae8 16. O-O e5 17. dxe5 fxe5 18. Bc2 Ne7 19. g3 Bh6 20. Re1 Bg4 21. Nbd2 Bxd2 22. Bxh7+ Kxh7 23. Ng5+ Bxg5 24. Qxg4 Bh6 25. Qh5 Ng6 26. g4 Nf4 27. Qh4 Qe7 28. Qg3 g5 29. Qf3 e4 30. Qd1 Nd3 31. Re2 Qd7 32. c4 Qxg4+ 33. Kh1 Rxf2 0-1


[Site "https://www.chess.com"]

[Event "Titled Tuesday Blitz July 4 Early 2023"]
[White "Ivanova, Karina"]
[Black "GAO"]
[WhiteFideId "24139750"]
[WhiteElo "2198"]
[BlackElo "2403"]
[Result "0-1"]
[Round "4"]
[TimeControl "180+2"]
[Date "2023.07.04"]
[WhiteClock "0:00:00"]
[BlackClock "0:01:07"]
[Board "215"]

1. d4 Nf6 2. Nf3 c5 3. c4 g6 4. g3 cxd4 5. Nxd4 Bg7 6. Bg2 O-O 7. O-O Nc6 8. Nc3 d6 9. Nxc6 bxc6 10. Bg5 Rb8 11. Qd2 Qa5 12. Bxc6 Bh3 13. Bg2 Bxg2 14. Kxg2 Rfc8 15. b3 d5 16. Nxd5 Qxd2 17. Nxf6+ Bxf6 18. Bxd2 Bxa1 19. Rxa1 Rd8 20. Be3 a5 21. Rb1 e5 22. g4 f6 23. Kf3 Kf7 24. Ke4 Ke6 25. Rb2 Rd1 26. Rd2 Rxd2 27. Bxd2 a4 28. b4 f5+ 29. gxf5+ gxf5+ 30. Kd3 Rd8+ 31. Kc3 Rg8 32. b5 Kd6 33. Kb4 Rg2 34. Be3 f4 35. Ba7 Kc7 36. Kxa4 Kb7 37. Bc5 Rxh2 38. Kb4 Rh1 39. a4 h5 40. a5 Rb1+ 41. Kc3 h4 42. a6+ Ka8 43. b6 h3 44. b7+ Rxb7 45. axb7+ Kxb7 46. Bd6 h2 47. Bxe5 h1=Q 48. Bxf4 Qg2 49. Be3 Kc6 50. Kd3 Qg6+ 51. Kc3 Qb1 52. f3 Qd1 53. Bd4 Qxe2 54. f4 Qf3+ 0-1


[Site "https://www.chess.com"]

[Event "Titled Tuesday Blitz July 4 Early 2023"]
[White "Mishra, Manoj"]
[Black "Carrasco Miranda, Andres"]
[WhiteFideId "5006007"]
[BlackFideId "3405990"]
[WhiteElo "2197"]
[BlackElo "2401"]
[Result "0-1"]
[Round "4"]
[TimeControl "180+2"]
[Date "2023.07.04"]
[WhiteClock "0:00:09"]
[BlackClock "0:01:10"]
[Board "216"]

1. d4 Nf6 2. Bg5 d5 3. e3 c5 4. c3 Qb6 5. Qb3 c4 6. Qxb6 axb6 7. Bxf6 gxf6 8. Nd2 b5 9. e4 dxe4 10. Nxe4 f5 11. Nd2 Bh6 12. g3 f4 13. Ngf3 Nc6 14. Bg2 Bf5 15. O-O Bd3 16. Rfe1 e6 17. d5 Nd8 18. g4 O-O 19. g5 Bg7 20. Nd4 Bxd4 21. cxd4 exd5 22. Bxd5 Nc6 23. Nf3 Rfd8 24. Bxc6 bxc6 25. Kg2 Rd5 26. Kh3 Bf5+ 27. Kh4 b4 28. Re5 b3 29. Rxd5 cxd5 30. a3 c3 0-1


[Site "https://www.chess.com"]

[Event "Titled Tuesday Blitz July 4 Early 2023"]
[White "Thiel, Thomas"]
[Black "Tinmaz, Kerem"]
[WhiteFideId "4615964"]
[BlackFideId "44559151"]
[WhiteElo "2191"]
[BlackElo "2389"]
[Result "1-0"]
[Round "4"]
[TimeControl "180+2"]
[Date "2023.07.04"]
[WhiteClock "0:00:36"]
[BlackClock "0:00:00"]
[Board "217"]

1. e4 c5 2. Nc3 e6 3. Nge2 a6 4. g3 b5 5. Bg2 Bb7 6. d4 cxd4 7. Nxd4 Nc6 8. O-O Nf6 9. Nxc6 dxc6 10. e5 Qxd1 11. Rxd1 Nd5 12. Ne4 O-O-O 13. Bg5 Rd7 14. c3 h6 15. Bd2 Be7 16. Kf1 Rhd8 17. Ke2 c5 18. Be1 Nb6 19. Rxd7 Rxd7 20. f4 f5 21. exf6 gxf6 22. Bf3 Nc4 23. b3 f5 24. bxc4 fxe4 25. Bg4 Rd6 26. cxb5 axb5 27. Ke3 Bf6 28. Rd1 Kc7 29. Rxd6 Kxd6 30. Bd1 Bd5 31. Bb3 Bxb3 32. axb3 Kd5 33. g4 e5 34. fxe5 Bg5+ 35. Ke2 Kxe5 36. h4 Bf4 37. Bd2 Bxd2 38. Kxd2 Kf4 39. g5 hxg5 40. h5 g4 41. h6 g3 42. h7 g2 43. h8=Q g1=Q 44. Qf6+ Kg3 45. Qg5+ Kh2 46. Qxg1+ Kxg1 47. Ke3 Kf1 48. Kxe4 Ke2 49. Kd5 Kd3 50. Kxc5 Kxc3 51. b4 1-0


[Site "https://www.chess.com"]

[Event "Titled Tuesday Blitz July 4 Early 2023"]
[White "Zilleruelo Irizarry, Diego"]
[Black "Nakhbayeva, Guliskhan"]
[WhiteFideId "3101460"]
[BlackFideId "13704788"]
[WhiteElo "2381"]
[BlackElo "2187"]
[Result "0-1"]
[Round "4"]
[TimeControl "180+2"]
[Date "2023.07.04"]
[WhiteClock "0:00:32"]
[BlackClock "0:00:43"]
[Board "218"]

1. e4 e6 2. d4 d5 3. Nd2 dxe4 4. Nxe4 Nd7 5. Nf3 Ngf6 6. Ng3 Be7 7. Bd3 O-O 8. O-O b6 9. Qe1 Bb7 10. Qe2 c5 11. c3 Rc8 12. Rd1 Qc7 13. Be3 Rfd8 14. Ba6 h6 15. Bxb7 Qxb7 16. Rd2 Nd5 17. Rad1 Nxe3 18. Qxe3 Qc7 19. d5 Nf8 20. dxe6 Nxe6 21. Nf5 Bf8 22. Ne5 Rxd2 23. Rxd2 Rd8 24. Rxd8 Qxd8 25. g3 Qd1+ 26. Kg2 Qd5+ 27. Kg1 Qxa2 28. Qf3 Ng5 29. Qa8 Qb1+ 30. Kg2 Qxf5 31. f4 Qe4+ 0-1


[Site "https://www.chess.com"]

[Event "Titled Tuesday Blitz July 4 Early 2023"]
[White "Feliz Dotel, Dewar Bienvenido"]
[Black "Seletsky, Grigory"]
[WhiteFideId "6402801"]
[BlackFideId "14112191"]
[WhiteElo "2166"]
[BlackElo "2368"]
[Result "1-0"]
[Round "4"]
[TimeControl "180+2"]
[Date "2023.07.04"]
[WhiteClock "0:01:20"]
[BlackClock "0:01:43"]
[Board "219"]

1. d4 c5 2. e3 cxd4 3. exd4 d5 4. Nf3 Nc6 5. a3 Bg4 6. Be2 e6 7. O-O Bd6 8. b3 Qc7 9. h3 Bh5 10. Bb2 Nf6 11. Nbd2 O-O 12. Re1 Rab8 13. Rc1 b5 14. Ne5 Bxe2 15. Rxe2 Bxe5 16. dxe5 Nd7 17. Nf3 Rfc8 18. c4 bxc4 19. bxc4 dxc4 20. Rxc4 Nb6 21. Rc1 Nd5 22. Nd4 Qb7 23. Nxc6 Rxc6 24. Rxc6 Qxc6 25. Rc2 Qb7 26. Bd4 h6 27. Kh2 a5 28. Qc1 a4 29. Bc5 Qb3 30. Bb4 Qd3 31. Rc8+ Rxc8 32. Qxc8+ Kh7 33. Qe8 Nxb4 34. axb4 a3 35. Qa4 Qc3 36. b5 Qb2 37. Qe4+ g6 38. Qb7 Qxe5+ 39. g3 Kg7 40. Qa7 Qb2 41. b6 a2 42. b7 Qxb7 43. Qxa2 Qf3 44. Qb2+ Kh7 45. Kg1 e5 46. Qxe5 1-0


[Site "https://www.chess.com"]

[Event "Titled Tuesday Blitz July 4 Early 2023"]
[White "HeinichessPY"]
[Black "Barbot, Pierre"]
[BlackFideId "663727"]
[WhiteElo "2159"]
[BlackElo "2361"]
[Result "0-1"]
[Round "4"]
[TimeControl "180+2"]
[Date "2023.07.04"]
[WhiteClock "0:00:00"]
[BlackClock "0:00:04"]
[Board "220"]

1. e4 c5 2. Nf3 g6 3. Nc3 Bg7 4. g3 Nc6 5. Bg2 d6 6. O-O e5 7. d3 Nge7 8. Nh4 O-O 9. f4 f5 10. Nd5 Nxd5 11. exd5 Ne7 12. c4 Rb8 13. Nf3 e4 14. dxe4 fxe4 15. Ng5 Bd4+ 16. Kh1 e3 17. Qd3 Nf5 18. Nf3 Qf6 19. Rb1 Bd7 20. Re1 Rbe8 21. Re2 h5 22. b3 h4 23. g4 Ng7 24. Nxd4 cxd4 25. g5 Qxf4 26. Qxg6 Bf5 27. Qh6 Bxb1 28. Bb2 Be4 29. g6 Bxg2+ 30. Rxg2 Qxh6 31. Bxd4 e2 32. Bc3 e1=Q+ 33. Rg1 Qxg1+ 34. Kxg1 Qe3+ 35. Kg2 Rf2+ 0-1


[Site "https://www.chess.com"]

[Event "Titled Tuesday Blitz July 4 Early 2023"]
[White "BebeBonito2022"]
[Black "Kukreja Sankalp"]
[BlackFideId "45027676"]
[WhiteElo "2149"]
[BlackElo "2342"]
[Result "0-1"]
[Round "4"]
[TimeControl "180+2"]
[Date "2023.07.04"]
[WhiteClock "0:00:00"]
[BlackClock "0:01:07"]
[Board "221"]

1. d4 d5 2. c4 c6 3. Nc3 Nf6 4. e3 g6 5. Nf3 Bg7 6. Be2 dxc4 7. Bxc4 O-O 8. O-O Bg4 9. h3 Bxf3 10. Qxf3 Nbd7 11. e4 e5 12. d5 Nb6 13. Bb3 cxd5 14. exd5 e4 15. Nxe4 Nfxd5 16. Rd1 Qd7 17. Bh6 Qf5 18. Qxf5 gxf5 19. Bxg7 Kxg7 20. Nd6 Ne7 21. Nxb7 Rab8 22. Nc5 Rfc8 23. Nd7 Rb7 24. Ne5 Ng6 25. Nf3 a5 26. Rac1 Rxc1 27. Rxc1 a4 28. Bc2 Rc7 29. Nd4 Kf6 30. Re1 Rc4 31. Rd1 Nf4 32. Kf1 Ne6 33. Nxe6 fxe6 34. Bd3 Rb4 35. Rb1 Nd5 36. b3 Nc3 37. Rb2 Rd4 0-1


[Site "https://www.chess.com"]

[Event "Titled Tuesday Blitz July 4 Early 2023"]
[White "Hartikainen, Jarmo"]
[Black "Vifleemskaia, Svetlana"]
[WhiteFideId "503134"]
[BlackFideId "4129490"]
[WhiteElo "2149"]
[BlackElo "2323"]
[Result "1/2-1/2"]
[Round "4"]
[TimeControl "180+2"]
[Date "2023.07.04"]
[WhiteClock "0:00:40"]
[BlackClock "0:00:32"]
[Board "222"]

1. e4 e5 2. Nf3 Nc6 3. Bc4 Nf6 4. Ng5 d5 5. exd5 Na5 6. Bb5+ c6 7. dxc6 bxc6 8. Bd3 Ng4 9. Nf3 Bc5 10. O-O Qf6 11. b4 Bxb4 12. Bb2 Bd6 13. h3 h5 14. Re1 O-O 15. Nc3 Bf5 16. Ne4 Bxe4 17. Bxe4 Nh6 18. Nxe5 Rfe8 19. Qxh5 Bxe5 20. Bxe5 Rxe5 21. Qxe5 Qxe5 22. Bh7+ Kxh7 23. Rxe5 Nc4 24. Rc5 Nxd2 25. Rxc6 Ne4 26. Rb1 Rd8 27. Rc7 a5 28. f3 Nd2 29. Rb5 a4 30. Ra5 Rd4 31. Rca7 Rc4 32. Rxa4 Rxc2 33. Rh4 Kg6 34. a4 Nf5 35. Rg4+ Kf6 36. Ra6+ Ke5 37. Ra5+ Ke6 38. Ra6+ Ke5 39. Ra5+ Ke6 40. Ra6+ Ke5 1/2-1/2


[Site "https://www.chess.com"]

[Event "Titled Tuesday Blitz July 4 Early 2023"]
[White "Cardozo Munar, Carlos Eduardo"]
[Black "Sanchez, Robert"]
[WhiteFideId "4409477"]
[BlackFideId "2034360"]
[WhiteElo "2322"]
[BlackElo "2130"]
[Result "0-1"]
[Round "4"]
[TimeControl "180+2"]
[Date "2023.07.04"]
[WhiteClock "0:00:06"]
[BlackClock "0:01:02"]
[Board "223"]

1. d4 Nf6 2. Bg5 d5 3. e3 Ne4 4. Bh4 g5 5. Bg3 h5 6. f3 Nxg3 7. hxg3 Qd6 8. Kf2 h4 9. gxh4 gxh4 10. f4 Nd7 11. Nf3 Nf6 12. Rxh4 Ne4+ 13. Kg1 Rxh4 14. Nxh4 Qh6 15. Qe1 Bg7 16. Bd3 Bf6 17. Nf3 Bf5 18. Nbd2 O-O-O 19. Ne5 Bh4 20. Bxe4 dxe4 21. Nxf7 Qh5 22. g3 Qxf7 23. gxh4 Rg8+ 24. Kh2 Qh5 25. Qf2 Qg4 26. Qf1 Qxh4+ 27. Qh3 Bxh3 28. Nf3 exf3 29. Rg1 Bg2# 0-1


[Site "https://www.chess.com"]

[Event "Titled Tuesday Blitz July 4 Early 2023"]
[White "Suduvasachmatai"]
[Black "Shapiro, Daniel"]
[BlackFideId "2001780"]
[WhiteElo "2111"]
[BlackElo "2318"]
[Result "0-1"]
[Round "4"]
[TimeControl "180+2"]
[Date "2023.07.04"]
[WhiteClock "0:00:01"]
[BlackClock "0:00:09"]
[Board "224"]

1. e4 e5 2. Nf3 Nc6 3. c3 Nf6 4. d4 d6 5. Bb5 Bd7 6. dxe5 Nxe4 7. Bc4 Nc5 8. Bg5 Be7 9. Bxe7 Qxe7 10. O-O dxe5 11. Re1 Bg4 12. b4 Nd7 13. Bd5 O-O 14. h3 Bh5 15. Nbd2 Rad8 16. Qb3 a6 17. a4 Kh8 18. b5 Nc5 19. Qa2 Qd6 20. c4 Nb4 21. Qb1 Nxd5 22. cxd5 f6 23. bxa6 bxa6 24. Rd1 Qxd5 25. g4 Bg6 26. Qc1 Rd7 27. Kh2 Rfd8 28. Qc3 e4 29. Nxe4 Nxe4 30. Rxd5 Nxc3 31. Rxd7 Rxd7 32. Re1 Nxa4 33. h4 Kg8 34. h5 Bf7 35. g5 Kf8 36. h6 gxh6 37. gxf6 Rd6 38. Re4 Nc5 39. Rb4 Rxf6 40. Ne5 Rxf2+ 41. Kg3 Rf5 42. Nd7+ Ke7 0-1


[Site "https://www.chess.com"]

[Event "Titled Tuesday Blitz July 4 Early 2023"]
[White "Cramling Bellon, Anna"]
[Black "Rozhkov, Viacheslav"]
[WhiteFideId "32009232"]
[BlackFideId "4181484"]
[WhiteElo "2079"]
[BlackElo "2317"]
[Result "0-1"]
[Round "4"]
[TimeControl "180+2"]
[Date "2023.07.04"]
[WhiteClock "0:00:00"]
[BlackClock "0:00:13"]
[Board "225"]

1. d4 d5 2. c4 dxc4 3. e3 e5 4. Bxc4 Nc6 5. Nf3 e4 6. Nfd2 Qg5 7. Nxe4 Qxg2 8. Ng3 Qh3 9. Qf3 Nf6 10. Nc3 Bg4 11. Qf4 Bd6 12. Qg5 Bxg3 13. fxg3 Qg2 14. Rf1 O-O-O 15. Rxf6 gxf6 16. Qxg4+ Kb8 17. Bd2 Ne5 18. Qe2 Qh1+ 19. Qf1 Qxh2 20. O-O-O Nxc4 21. Qxc4 Qxg3 22. Qxf7 h5 23. Qxf6 h4 24. Ne4 Qg2 25. Qf2 Qxe4 26. Qh2 h3 27. Bc3 Qxe3+ 28. Kb1 Qe4+ 29. Ka1 a6 30. Rc1 Qg2 31. Rh1 Qxh2 32. Rxh2 Rde8 33. a3 Rh4 34. Ka2 Rg8 35. Be1 Rh5 36. Bd2 Rg2 37. Bf4 Rxh2 38. Bxh2 Rd5 39. Bg3 Rxd4 40. Kb3 Rd3+ 41. Kc2 Rxg3 0-1


[Site "https://www.chess.com"]

[Event "Titled Tuesday Blitz July 4 Early 2023"]
[White "Wang, Alexander J"]
[Black "Horokoskii"]
[WhiteFideId "30955270"]
[WhiteElo "2313"]
[BlackElo "2076"]
[Result "1/2-1/2"]
[Round "4"]
[TimeControl "180+2"]
[Date "2023.07.04"]
[WhiteClock "0:00:59"]
[BlackClock "0:00:11"]
[Board "226"]

1. e4 e6 2. d4 d5 3. e5 c5 4. c3 Nc6 5. Nf3 Qb6 6. Be2 Bd7 7. O-O Nh6 8. Bxh6 gxh6 9. Qd2 Rg8 10. Kh1 h5 11. h4 Rg4 12. Ng5 Rxh4+ 13. Kg1 cxd4 14. Nxh7 Be7 15. Nf6+ Bxf6 16. exf6 Qc7 17. g3 Rh3 18. cxd4 h4 19. Kg2 Rxg3+ 20. fxg3 Qxg3+ 21. Kh1 Qh3+ 22. Kg1 Qg3+ 1/2-1/2


[Site "https://www.chess.com"]

[Event "Titled Tuesday Blitz July 4 Early 2023"]
[White "Aanna12"]
[Black "Coelho, Ramyres Santana"]
[BlackFideId "2120690"]
[WhiteElo "2069"]
[BlackElo "2308"]
[Result "1-0"]
[Round "4"]
[TimeControl "180+2"]
[Date "2023.07.04"]
[WhiteClock "0:00:10"]
[BlackClock "0:01:04"]
[Board "227"]

1. e4 c5 2. Nf3 d6 3. d3 Nf6 4. g3 Nc6 5. Bg2 Bd7 6. O-O Qc8 7. Re1 g6 8. c3 Bg7 9. d4 cxd4 10. cxd4 O-O 11. Nc3 e5 12. d5 Ne7 13. Qd3 a6 14. a4 Ne8 15. b3 h6 16. Ba3 f5 17. Nd2 f4 18. Rac1 Qb8 19. a5 g5 20. Nc4 Rf6 21. Nb6 Bg4 22. f3 Bh5 23. g4 Bg6 24. Nxa8 Qxa8 25. Na4 Qa7+ 26. Nb6 h5 27. h3 hxg4 28. hxg4 Nxd5 29. Qxd5+ Bf7 30. Qd3 d5 31. exd5 Rxb6 32. axb6 Qxb6+ 33. Kh2 Qh6+ 34. Kg1 Qb6+ 35. Kf1 Bg6 36. Qc4 Nd6 37. Bxd6 Qxd6 38. b4 Be8 39. Qc5 Bb5+ 40. Kf2 Qg6 41. Qc8+ Bf8 42. Qe6+ Qxe6 43. dxe6 Bxb4 44. Rxe5 Kf8 45. Rxb5 axb5 46. Bf1 Bd2 47. Rb1 b4 48. Bc4 Ke7 49. Ke2 b5 50. Bb3 Bc3 51. Kd3 Kd6 52. Ke4 Ke7 53. Kf5 Bf6 54. Rd1 Bc3 55. Rd7+ Ke8 56. Kxg5 Kf8 57. Kf5 Ke8 58. g5 Bb2 59. g6 Kf8 60. Kxf4 Bc1+ 61. Kf5 Bh6 62. f4 Bg7 63. Kg5 Bh8 64. f5 Bg7 65. f6 Bh8 66. g7+ Bxg7 67. fxg7+ Kg8 68. e7+ Kh7 69. g8=Q# 1-0


[Site "https://www.chess.com"]

[Event "Titled Tuesday Blitz July 4 Early 2023"]
[White "Vaglio Munoz, Jaime"]
[Black "Allam, Yara"]
[WhiteFideId "6500145"]
[BlackFideId "10615709"]
[WhiteElo "2303"]
[BlackElo "2065"]
[Result "1-0"]
[Round "4"]
[TimeControl "180+2"]
[Date "2023.07.04"]
[WhiteClock "0:00:51"]
[BlackClock "0:00:01"]
[Board "228"]

1. Nf3 d5 2. c4 c6 3. b3 Nf6 4. Bb2 e6 5. g3 Be7 6. Bg2 O-O 7. O-O Nbd7 8. d3 Re8 9. Re1 Qc7 10. e4 dxe4 11. dxe4 Nc5 12. e5 Rd8 13. Nd4 Ne8 14. Qe2 Bd7 15. Qc2 a5 16. Nc3 Rdb8 17. Rad1 Ra6 18. a3 Raa8 19. h4 Qc8 20. h5 h6 21. f4 Nc7 22. Kh2 Qe8 23. b4 N5a6 24. bxa5 Nc5 25. Ne4 Nxe4 26. Qxe4 Rxa5 27. Bf1 f5 28. Qf3 Qf7 29. Nxf5 Qxf5 30. Rxd7 Bd8 31. Red1 Raa8 32. g4 Qc2+ 33. R1d2 Qb1 34. f5 Na6 35. fxe6 1-0


[Site "https://www.chess.com"]